 Dungeon Crawl Stone Soup version 0.20-a0-876-g2c7b0bf (webtiles) character file.

94 krabocopter the Skirmisher (level 4, -9/30 HPs)
             Began as a Gargoyle Monk on Mar 15, 2017.
             Was a Believer of Sif Muna.
             Killed by divine providence
             ... invoked by an orc priest
              (10 damage)
             ... on level 3 of the Dungeon.
             The game lasted 00:07:22 (1879 turns).

krabocopter the Skirmisher (Gargoyle Monk)          Turns: 1879, Time: 00:07:23

Health: -9/30      AC:  8    Str: 14    XL:     4   Next: 63%
Magic:  5/5        EV: 18    Int: 12    God:    Sif Muna [**....]
Gold:   126        SH:  0    Dex: 17    Spells: 4/4 levels left

rFire    . . .     SeeInvis .   a - +0 mace
rCold    . . .     Gourm    .   o - +0 robe
rNeg     + . .     Faith    .   (no shield)
rPois    ∞         Spirit   .   (no helmet)
rElec    +         Reflect  .   g - +2 cloak
rCorr    .         Harm     .   (no gloves)
MR       .....                  (no boots)
Stlth    +++.......             (no amulet)
Regen    0.1/turn               (no ring)
MPRegen  0.1/turn               d - ring of wizardry

@: agile
A: negative energy resistance 1, electricity resistance, unbreathing,
petrification resistance, rot immunity, AC +3
a: Divine Energy, Renounce Religion


You were on level 3 of the Dungeon.
You worshipped Sif Muna.
Sif Muna was pleased with you.
You were not hungry.

You visited 1 branch of the dungeon, and saw 4 of its levels.

You collected 126 gold pieces.

Inventory:

Hand Weapons
 a - a +0 mace (weapon)
Missiles
 t - a tomahawk (quivered)
Armour
 g - a +2 cloak (worn)
 o - a +0 robe (worn)
Jewellery
 d - a ring of wizardry (left hand)
Wands
 k - a wand of acid (4/15)
Scrolls
 i - a scroll of recharging
 l - a scroll of fog
 p - 2 scrolls of magic mapping
 r - a scroll of noise {unknown}
Potions
 b - a potion of curing
 e - a potion of berserk rage {unknown}
 j - a potion of flight {unknown}
 m - a potion of haste {unknown}
 n - a potion of agility
 q - a potion of brilliance {unknown}
Comestibles
 c - 2 bread rations
 f - a meat ration
 h - 2 royal jellies
 s - 2 chunks of flesh


   Skills:
 * Level 4.8 Fighting
 - Level 3.1 Maces & Flails
 - Level 3.1 Dodging
 - Level 2.3 Stealth
 + Level 0.6 Spellcasting


You had 4 spell levels left.
You didn't know any spells.

Dungeon Overview and Level Annotations

Branches:
Dungeon (4/15)
 Temple: D:4-7

Altars:
Sif Muna
The Shining One


Innate Abilities, Weirdness & Mutations

You are resistant to torment.
Your stone body is resilient. (AC +3)
You are immune to poison.
You resist negative energy. (rN+)
You are resistant to electric shocks. (rElec)
You can survive without breathing.
You are immune to petrification.
You are immune to rotting.


Message History

You hit the orc priest but do no damage.
The orc priest hits you but does no damage.
There is a stone staircase leading down here.
It was a potion of agility.
You feel agile all of a sudden. The orc priest barely misses you.
You hit the orc priest. The orc priest completely misses you.
You barely miss the orc priest. The orc priest misses you.
The orc priest closely misses you.
You barely miss the orc priest. The orc priest completely misses you.
You hit the orc priest but do no damage.
The orc wizard closely misses you. The orc priest barely misses you.
You completely miss the orc priest. The orc wizard closely misses you.
The orc priest barely misses you. The orc wizard closely misses you.
You hit the orc priest. The orc priest closely misses you.
The orc wizard hits you with a dagger.
* * * LOW HITPOINT WARNING * * *
The orc priest mumbles some strange prayers to Beogh against you.
Beogh smites you!
You die...

.#.......... .....
.##.......####..##
.................#
###..............#
# ##.....#.......#
####....§#.......#
...#....o######..##
...#....o###...oo.#
...#.o..........@.#
...#.......#......#
...#####...########
...# #...# ...#
#...# #### #...#
#...# #...#


You could see an orc priest and an orc wizard.

Vanquished Creatures
  Ijyb (D:2)
  An ooze (D:1)
  A worm (D:2)
  2 dart slugs
  A leopard gecko (D:4)
  5 orcs (D:4)
  A giant cockroach (D:1)
  8 goblins
  4 hobgoblins
  4 jackals (D:2)
  A ball python (D:2)
  6 bats
  A frilled lizard (D:2)
  4 kobolds
  12 rats
52 creatures vanquished.

Notes
Turn   | Place    | Note
-------+----------+-------------------------------------------
     0 | D:1      | krabocopter the Gargoyle Monk began the quest for the Orb.
     0 | D:1      | Reached XP level 1. HP: 14/14 MP: 1/1
    51 | D:1      | Reached XP level 2. HP: 17/20 MP: 2/2
   443 | D:1      | Reached skill level 4 in Fighting
   506 | D:1      | Reached XP level 3. HP: 24/24 MP: 3/3
   805 | D:2      | Found a glowing golden altar of the Shining One.
   951 | D:2      | Found a faded altar of an unknown god.
   966 | D:2      | Became a worshipper of Sif Muna the Loreminder
   966 | D:2      | Reached * piety under Sif Muna
   966 | D:2      | Reached ** piety under Sif Muna
  1104 | D:2      | Noticed Ijyb
  1126 | D:2      | Killed Ijyb
  1126 | D:2      | Reached XP level 4. HP: 27/30 MP: 4/4
  1870 | D:3      | HP: 1/30 [orc priest/divine providence (10)]
  1879 | D:3      | HP: 1/30 [orc wizard/dagger (2)]
  1879 | D:3      | Killed from afar by an orc priest

Vault maps used:
D:1:      minmay_arrival_loop, minmay_pentomino_x4
D:2:      lemuel_round_altar, chequers_ecumenical_altar_simple,
          grunt_ministairs_10, uniq_iyjb
D:3:      first_bread

Skill      XL: |  1  2  3 |
---------------+----------+-----
Fighting       | 4 |  4.8
Dodging        | 3 |  3.1
Maces & Flails | |  3.1
Stealth        | |  2.3
Spellcasting   | |  0.6

Action                   |  1- 3 |  4- 6 || total
-------------------------+-------+-------++-------
Melee: Mace              |   136 |    68 ||   204
  Use: Scroll            |     4 |     2 ||     6
       Potion            |       |     2 ||     2
 Stab: Sleeping          |     2 |       ||     2
  Eat: Chunk             |     1 |     2 ||     3
Armor: Robe              |    80 |    27 ||   107
       Scale mail        |     4 |       ||     4
Dodge: Dodged            |    81 |    86 ||   167
